 Dungeon Crawl Stone Soup version 0.26.1 (webtiles) character file.

Game seed: 13115301020277746253

1437 DearestLeader the Geomancer (level 8, 0/44 HPs)
             Began as a Gargoyle Earth Elementalist on Feb 6, 2021.
             Was an Initiate of Vehumet.
             Shot with a bolt by an orc warrior (4 damage)
             ... in a bailey.
             The game lasted 00:13:16 (6718 turns).

DearestLeader the Geomancer (GrEE)                  Turns: 6718, Time: 00:13:18

Health: 0/44       AC:  8    Str: 12    XL:     8   Next: 74%
Magic:  5/14       EV: 12    Int: 18    God:    Vehumet [......]
Gold:   180        SH:  0    Dex: 10    Spells: 9/15 levels left

rFire    + . .     SeeInvis .   n - +1 dagger
rCold    . . .     Faith    .   (no shield)
rNeg     + + .     Spirit   .   c - +0 robe
rPois    ∞         Reflect  .   (no helmet)
rElec    +         Harm     .   (no cloak)
rCorr    .         Rampage  .   (no gloves)
Will     .....                  m - +0 pair of boots
Stlth    ++........             (no amulet)
HPRegen  0.14/turn              u - ring of protection from fire
MPRegen  0.14/turn              o - ring of positive energy

@: no status effects
A: negative energy resistance 1, electricity resistance, unbreathing,
petrification resistance, miasma immunity, AC +5
a: Renounce Religion


You were in a bailey.
You worshipped Vehumet.
Vehumet was noncommittal.
You visited 2 branches of the dungeon, and saw 9 of its levels.
You also visited: Bailey.

You collected 405 gold pieces.
You spent 225 gold pieces at shops.

Inventory:

Hand Weapons
 n - a +1 dagger (weapon)
Missiles
 b - 138 stones
Armour
 c - a +0 robe (worn)
 m - a +0 pair of boots (worn)
Jewellery
 o - a ring of positive energy (right hand)
 u - a ring of protection from fire (left hand)
 w - a +4 ring of protection
Wands
 r - a wand of acid (7)
Scrolls
 e - 2 scrolls of remove curse
 f - a scroll of fog
 h - 5 scrolls of enchant armour
 k - a scroll of enchant weapon
 s - a scroll of teleportation
 t - a scroll of magic mapping {unknown}
 v - a scroll of fear {unknown}
 y - 2 scrolls of amnesia {unknown}
Potions
 a - a potion of ambrosia {unknown}
 d - 7 potions of heal wounds
 g - a potion of flight {unknown}
 i - a potion of berserk rage
 j - 4 potions of curing
 l - 3 potions of invisibility
 p - a potion of degeneration {unknown}
 q - a potion of attraction {unknown}
 x - a potion of brilliance {unknown}


   Skills:
 - Level 2.1 Fighting
 + Level 2.9 Dodging
 - Level 2.1 Stealth
 + Level 4.0 Spellcasting
 - Level 0.7 Transmutations
 * Level 11.1 Earth Magic


You had 9 spell levels left.
You knew the following spells:

 Your Spells              Type           Power        Failure   Level
a - Sandblast             Erth           86%          1%          1
b - Passwall              Tmut/Erth      20%          1%          2
c - Stone Arrow           Conj/Erth      46%          4%          3

Your spell library contained the following spells:

 Spells                   Type           Power        Failure   Level
 Lee's Rapid Deconstruct  Erth           21%          4%          5
 Petrify                  Tmut/Erth      25%          13%         4
 Animate Skeleton         Necr           6%           14%         1
 Apportation              Tloc           6%           14%         1
 Corona                   Hex            3%           14%         1
 Magic Dart               Conj           12%          14%         1
 Summon Small Mammal      Summ           12%          14%         1
 Ensorcelled Hibernation  Hex/Ice        6%           22%         2
 Searing Ray              Conj           6%           22%         2
 Confusing Touch          Hex            3%           41%         3
 Dazzling Flash           Conj/Hex       6%           41%         3
 Tukima's Dance           Hex            3%           41%         3
 Fulminant Prism          Conj/Hex       1%           82%         4
 Iskenderun's Mystic Bla  Conj/Tloc      3%           82%         4


Dungeon Overview and Level Annotations

Branches:
Dungeon (8/15)             Temple (1/1) D:7          Bailey (1/1)
   Lair: D:8-11

Altars:
Ashenzari
Cheibriados
Dithmenos
Elyvilon
Fedhas
Gozag
Hepliaklqana
Kikubaaqudgha
Makhleb
Nemelex Xobeh
Okawaru
Qazlal
Ru
Sif Muna
Trog
Uskayaw
Vehumet
Wu Jian
Yredelemnul

Shops:
D:4 [   D:5 [!   D:7 =


Innate Abilities, Weirdness & Mutations

You are resistant to torment.
Your stone body is resilient. (AC +5)
You are immune to poison.
You resist negative energy. (rN+)
You are resistant to electric shocks. (rElec)
You can survive without breathing.
You are immune to petrification.
You are immune to miasma.


Message History

The orc warrior shoots a bolt.
The bolt hits you!
Unknown command.
Casting: Sandblast (safe; 1% risk of failure)
Confirm with . or Enter, or press ? or * to list all spells.
Aiming: Sandblast (safe; 1% risk of failure)
Press: ? - help, Shift-Dir - straight line, f/p - orc warrior
Aim: an orc warrior, wielding a +0 arbalest, wearing a cursed +0 scale mail and quivering 26 bolts (21% to evade)
The blast of sand hits the orc warrior!!
The orc warrior is almost dead.
The orc warrior shoots a bolt.
The bolt hits you!
* * * LOW HITPOINT WARNING * * *
Casting: Sandblast (safe; 1% risk of failure)
Confirm with . or Enter, or press ? or * to list all spells.
Aiming: Sandblast (safe; 1% risk of failure)
Press: ? - help, Shift-Dir - straight line, f/p - orc warrior
Aim: an orc warrior, wielding a +0 arbalest, wearing a cursed +0 scale mail and quivering 25 bolts (almost dead, 21% to evade)
The blast of sand hits the orc warrior but does no damage.
The orc warrior is almost dead.
The orc warrior shoots a bolt.
The bolt hits you.
You die...

.≈ ≈≈.......# .#
≈≈......#
#∩o##≈......# .
. .o≈......# ..≈
#o##≈......#
..≈≈#.#≈≈......#
...≈≈≈≈≈.......#
.......@.......#
...............#
...........(...#
.........(..(.(#
.........(...∩.#
..............∩#
################


You could see an orc warrior.

Vanquished Creatures
  An orc warrior (D:7)
  A phantom (D:4)
  4 ogres
  2 centaurs
  2 bullfrogs
  A howler monkey (D:6)
  A bullfrog zombie (D:6)
  2 hounds
  A gnoll shaman (D:2)
  2 orc wizards (D:6)
  4 worker ants
  3 iguanas
  5 gnolls
  10 adders
  2 ufetubi
  4 dart slugs
  6 leopard geckos
  13 orcs
  A ball python (D:3)
  4 bats
  5 giant cockroaches
  5 goblins
  5 hobgoblins
  4 jackals (D:3)
  2 quokkas
  6 frilled lizards
  8 kobolds
  A leopard gecko skeleton (D:4)
  8 rats
113 creatures vanquished.

Vanquished Creatures (others)
  An orc (D:7)
1 creature vanquished.

Grand Total: 114 creatures vanquished

Notes
Turn   | Place    | Note
-------+----------+-------------------------------------------
     0 | D:1      | DearestLeader the Gargoyle Earth Elementalist began the
                  | quest for the Orb.
     0 | D:1      | Reached XP level 1. HP: 10/10 MP: 3/3
   298 | D:1      | Reached skill level 4 in Earth Magic
   392 | D:1      | Reached XP level 2. HP: 15/15 MP: 5/5
  1090 | D:2      | Reached skill level 5 in Earth Magic
  1090 | D:2      | Reached XP level 3. HP: 19/19 MP: 6/6
  1436 | D:2      | Found a white marble altar of Elyvilon.
  2060 | D:3      | Reached XP level 4. HP: 24/24 MP: 3/7
  2062 | D:3      | Reached skill level 6 in Earth Magic
  2201 | D:2      | Reached XP level 5. HP: 14/28 MP: 1/8
  2360 | D:3      | Reached skill level 7 in Earth Magic
  2367 | D:3      | Learned a level 2 spell: Passwall
  2371 | D:3      | Learned a level 3 spell: Stone Arrow
  3315 | D:3      | Noticed an ogre
  3321 | D:3      | Killed an ogre
  3322 | D:3      | Reached skill level 8 in Earth Magic
  3322 | D:3      | Reached XP level 6. HP: 32/32 MP: 6/9
  3406 | D:3      | Found a sacrificial altar of Ru.
  3642 | D:4      | Found Uvoacwama's Armour Boutique.
  3859 | D:4      | Noticed a phantom
  3891 | D:4      | Killed a phantom
  3892 | D:4      | Reached skill level 1 in Fighting
  4072 | D:5      | Entered Level 5 of the Dungeon
  4072 | D:5      | Found Pootyus's Antique Armour Emporium.
  4101 | D:5      | Reached skill level 9 in Earth Magic
  4101 | D:5      | Reached XP level 7. HP: 19/40 MP: 6/10
  4314 | D:5      | Found Tinnubit's Distillery.
  4355 | D:5      | Bought a potion of heal wounds for 75 gold pieces
  4355 | D:5      | Bought a potion of heal wounds for 75 gold pieces
  4355 | D:5      | Bought a potion of heal wounds for 75 gold pieces
  4698 | D:5      | Found a snail-covered altar of Cheibriados.
  4698 | D:5      | Found a hazy altar of Hepliaklqana.
  4716 | D:5      | Found an opulent altar of Gozag.
  4797 | D:5      | Found an ornate altar of the Wu Jian Council.
  4799 | D:5      | Found a faded altar of an unknown god.
  4888 | D:6      | Reached skill level 10 in Earth Magic
  5212 | D:6      | Found an iron altar of Okawaru.
  5282 | D:6      | Found a burning altar of Makhleb.
  5282 | D:6      | Noticed a cacodemon
  5339 | D:6      | Reached XP level 8. HP: 44/44 MP: 9/12
  5728 | D:6      | Found a hide-covered altar of Uskayaw.
  5911 | D:6      | Found a bloodstained altar of Trog.
  5998 | D:7      | Found Caloalong's Jewellery Shop.
  6120 | D:7      | HP: 1/44 [centaur/arrow (10)]
  6122 | D:7      | Reached skill level 11 in Earth Magic
  6493 | D:7      | Found a staircase to the Ecumenical Temple.
  6543 | Temple   | Entered the Ecumenical Temple
  6595 | Temple   | Became a worshipper of Vehumet
  6679 | D:7      | Found a flagged portal.
  6688 | Bailey   | Entered a bailey
  6718 | Bailey   | Shot with a bolt by an orc warrior

Illustrated notes

Levels and vault maps discovered:
D:1:      dpeg_arrival_oval, layout_loops_corners
D:2:      layout_basic, old_standard_altar
D:3:      layout_rooms, nicolae_ru_the_path_less_chosen,
          chequers_serial_rivers_small_a
D:4:      layout_rooms, serial_shops, shop
D:5:      layout_rooms, chequers_temple_overflow_minitemple, serial_shops,
          shop_statue, nicolae_shop_statue_plus, grunt_ministairs_2
D:6:      layout_gridville, lightli_temple_of_fire, makhleb_altar_promises_db,
          kennysheep_okawaru_gauntlet, basic_altar
D:7:      layout_loops_ring, tso_oasis_becter, minmay_temple_entry_trees,
          enter_bailey_6, serial_shops, nicolae_shop_statue_plus,
          minmay_misc_feat_tower
D:8:      layout_basic, xom_butterflies, grunt_ministairs_11,
          grunt_decor_one_mirror
Temple:   compressed_dpeg_circular_temple
Bailey:   bailey_polearm_2, bailey

Skill      XL: |  1  2  3  4  5  6  7  8 |
---------------+-------------------------+-----
Earth Magic    | 4 5 6 8 9 10 11 | 11.1
Fighting       | 2 |  2.1
Spellcasting   | 3 4 |  4.0
Dodging        | 2 |  2.9
Stealth        | |  2.1
Transmutations | |  0.7

Action                   |  1- 3 |  4- 6 |  7- 9 || total
-------------------------+-------+-------+-------++-------
Melee: Short sword       |    92 |    38 |       ||   130
       Unarmed           |     2 |       |       ||     2
       Dagger            |       |    40 |    41 ||    81
 Cast: Sandblast         |    18 |    60 |    70 ||   148
       Stone Arrow       |       |       |     2 ||     2
  Use: Scroll            |     3 |     2 |     8 ||    13
 Stab: Sleeping          |     4 |       |     1 ||     5
Armor: Robe              |    44 |    42 |    24 ||   110
Dodge: Dodged            |    70 |    95 |    52 ||   217
